SAA
SALEM MISFITS @ LITTLE CAESARS HOT N READYS
05/18/2025
 
TOP OF THE 1ST
Salem Misfits batting - Pitching for Little Caesars Hot N Readys : RHP Sam Groves
Pitching: RHP Sam Groves
Batting: RHB Santiago Mosca 0-0: Called Strike
0-1: Ball
1-1: Ball
2-1: SINGLE (Flyball, 78S)
Batting: LHB Brent van Schoonhoven 0-0: SINGLE (Groundball, 56S) (infield hit)
Santiago Mosca to second
Batting: LHB José Corona 0-0: Called Strike
0-1: Called Strike
0-2: Strikes out swinging
Batting: LHB David Breitling 0-0: Ball
1-0: Ball
Santiago Mosca steals 3rd base
Brent van Schoonhoven to second
2-0: Called Strike
2-1: Ball
3-1: Base on Balls
Batting: SHB Salvador Trevino 0-0: Ball
1-0: Ball
2-0: Ball
3-0: Base on Balls
Santiago Mosca scores
Brent van Schoonhoven to third
David Breitling to second
Batting: RHB Gonzalo Ángel 0-0: Ball
1-0: SINGLE (Groundball, 6MD)
Brent van Schoonhoven scores
David Breitling to third
Salvador Trevino to second
Runner from 3rd tries for Home, SAFE, no throw
Batting: LHB Jorge García 0-0: Ball
1-0: Swinging Strike
1-1: Ball
2-1: Foul Ball, location: 2F
2-2: Ball
3-2: Foul Ball, location: 2F
3-2: Foul Ball, location: 2F
3-2: Base on Balls
Salvador Trevino to third
Gonzalo Ángel to second
Batting: RHB Ramón Ávila 0-0: Called Strike
0-1: Ball
1-1: Called Strike
1-2: Strikes out looking
Batting: RHB Jim Unknown 0-0: Ball
1-0: Ball
2-0: Called Strike
2-1: Foul Ball, location: 2F
2-2: DOUBLE (Line Drive, 9LS)
Salvador Trevino scores
Gonzalo Ángel scores
Jorge García to third
Runner from 3rd tries for Home, SAFE, no throw
Batting: RHB Santiago Mosca 0-0: Ground out 6-3 (Groundball, 6)
Top of the 1st over - 6 run(s), 4 hit(s), 0 error(s), 1 left on base; Salem 6 - Little Caesars 0
BOTTOM OF THE 1ST
Little Caesars Hot N Readys batting - Pitching for Salem Misfits : RHP Marv Bradford
Pitching: RHP Marv Bradford
Batting: RHB George St. Clair 0-0: Ball
1-0: Ball
2-0: Called Strike
2-1: Foul Ball, location: 2F
2-2: Foul Ball, location: 2F
2-2: Ground out 5-3 (Groundball, 5S)
Batting: RHB Jorge Salgado 0-0: Foul Ball, location: 2F
0-1: Ball
1-1: SINGLE (Groundball, 4MD)
Batting: SHB Valentín Guzmán 0-0: Ball
1-0: Called Strike
1-1: Fly out, F3 (Popup, 34)
Batting: LHB Jason Potter 0-0: Ball
1-0: Called Strike
1-1: Ball
2-1: Fly out, F5 (Popup, 5S)
Bottom of the 1st over - 0 run(s), 1 hit(s), 0 error(s), 1 left on base; Salem 6 - Little Caesars 0
TOP OF THE 2ND
Salem Misfits batting - Pitching for Little Caesars Hot N Readys : RHP Sam Groves
Batting: LHB Brent van Schoonhoven 0-0: Called Strike
0-1: Called Strike
0-2: Strikes out swinging
Batting: LHB José Corona 0-0: Called Strike
0-1: Foul Ball, location: 2F
0-2: Ball
1-2: Ground out 4-3 (Groundball, 4)
Batting: LHB David Breitling 0-0: Ball
1-0: SINGLE (Groundball, 23) (infield hit)
Batting: SHB Salvador Trevino 0-0: Ball
1-0: Ball
2-0: Called Strike
2-1: Fly out, F9 (Line Drive, 9D)
Top of the 2nd over - 0 run(s), 1 hit(s), 0 error(s), 1 left on base; Salem 6 - Little Caesars 0
BOTTOM OF THE 2ND
Little Caesars Hot N Readys batting - Pitching for Salem Misfits : RHP Marv Bradford
Batting: RHB Keith Burnett 0-0: Ball
1-0: Swinging Strike
1-1: Fly out, F9 (Flyball, 9S)
Batting: SHB Mike Barton 0-0: Ball
1-0: Ball
2-0: Foul Ball, location: 2F
2-1: SINGLE (Groundball, 5D)
Batting: RHB Luis Aragón 0-0: Ball
1-0: Called Strike
1-1: Called Strike
1-2: Fly out, F8 (Flyball, 8RM)
Batting: LHB Sisto Pagnamenta 0-0: Fly out, F8 (Flyball, 8RM)
Bottom of the 2nd over - 0 run(s), 1 hit(s), 0 error(s), 1 left on base; Salem 6 - Little Caesars 0
TOP OF THE 3RD
Salem Misfits batting - Pitching for Little Caesars Hot N Readys : RHP Sam Groves
Batting: RHB Gonzalo Ángel 0-0: Ball
1-0: Ball
2-0: Ball
3-0: Base on Balls
Batting: LHB Jorge García 0-0: Ball
1-0: Foul Ball, location: 2F
1-1: Ball
2-1: Foul Ball, location: 2F
2-2: Foul Ball, location: 2F
2-2: SINGLE (Groundball, 2R) (infield hit)
Gonzalo Ángel to second
Pitching: RHP Gary Jones
Batting: RHB Ramón Ávila 0-0: Called Strike
0-1: Ball
1-1: Ball
2-1: Ball
3-1: Called Strike
3-2: Strikes out swinging
Batting: RHB Jim Unknown 0-0: Called Strike
0-1: Fly out, F6 (Line Drive, 6)
Batting: RHB Santiago Mosca 0-0: Ball
1-0: Called Strike
1-1: Ball
2-1: Fly out, F7 (Line Drive, 7)
Top of the 3rd over - 0 run(s), 1 hit(s), 0 error(s), 2 left on base; Salem 6 - Little Caesars 0
BOTTOM OF THE 3RD
Little Caesars Hot N Readys batting - Pitching for Salem Misfits : RHP Marv Bradford
Batting: RHB Spencer Curry 0-0: Foul Ball, location: 2F
0-1: Called Strike
0-2: Strikes out swinging
Batting: RHB George St. Clair 0-0: Called Strike
0-1: Swinging Strike
0-2: Ball
1-2: Ball
2-2: Fly out, F8 (Flyball, 78M)
Batting: RHB Jorge Salgado 0-0: Ground out 5-3 (Groundball, 5)
Bottom of the 3rd over - 0 run(s), 0 hit(s), 0 error(s), 0 left on base; Salem 6 - Little Caesars 0
TOP OF THE 4TH
Salem Misfits batting - Pitching for Little Caesars Hot N Readys : RHP Gary Jones
Batting: LHB Brent van Schoonhoven 0-0: Ball
1-0: Ball
2-0: Ball
3-0: Called Strike
3-1: Called Strike
3-2: Base on Balls
Batting: LHB José Corona 0-0: Foul Ball, location: 2F
0-1: Ball
1-1: Ball
2-1: Called Strike
2-2: Foul Ball, location: 2F
2-2: Strikes out swinging
Batting: LHB David Breitling 0-0: Ball
1-0: Fly out, F7 (Flyball, 7)
Batting: SHB Salvador Trevino 0-0: Fielders Choice at 2nd, 4-6 (Groundball, 4D)
Top of the 4th over - 0 run(s), 0 hit(s), 0 error(s), 0 left on base; Salem 6 - Little Caesars 0
BOTTOM OF THE 4TH
Little Caesars Hot N Readys batting - Pitching for Salem Misfits : RHP Marv Bradford
Batting: SHB Valentín Guzmán 0-0: Called Strike
0-1: Ball
1-1: Ball
2-1: Ball
3-1: Base on Balls
Batting: LHB Jason Potter 0-0: Foul Ball, location: 2F
0-1: Ball
1-1: Ball
2-1: Foul Ball, location: 2F
2-2: Fly out, F8 (Flyball, 8RM)
Batting: RHB Keith Burnett 0-0: Called Strike
0-1: Foul Ball, location: 2F
0-2: Foul Ball, location: 2F
0-2: Strikes out swinging
Batting: SHB Mike Barton 0-0: Called Strike
0-1: Ball
1-1: Ball
2-1: Foul Ball, location: 2F
2-2: Ball
Valentín Guzmán steals 2nd base
3-2: Foul Ball, location: 2F
3-2: Base on Balls
Batting: RHB Luis Aragón 0-0: Ground out 6-3 (Groundball, 6MS)
Bottom of the 4th over - 0 run(s), 0 hit(s), 0 error(s), 2 left on base; Salem 6 - Little Caesars 0
TOP OF THE 5TH
Salem Misfits batting - Pitching for Little Caesars Hot N Readys : RHP Gary Jones
Batting: RHB Gonzalo Ángel 0-0: Ball
1-0: Called Strike
1-1: Foul Ball, location: 2F
1-2: Foul Ball, location: 2F
1-2: SINGLE (Line Drive, 6M)
Batting: LHB Jorge García 0-0: Foul Ball, location: 2F
0-1: Ball
1-1: Ball
2-1: Ball
3-1: Called Strike
3-2: Fly out, F7 (Flyball, 78S)
Batting: RHB Ramón Ávila 0-0: Called Strike
0-1: Ball
1-1: Ball
2-1: Called Strike
2-2: Foul Ball, location: 2F
2-2: Foul Ball, location: 2F
2-2: Fielders Choice at 2nd, 4-6 (Groundball, 34)
Batting: RHB Jim Unknown 0-0: Ball
1-0: Ball
2-0: Ground out 1-3 (Groundball, 13S)
Top of the 5th over - 0 run(s), 1 hit(s), 0 error(s), 1 left on base; Salem 6 - Little Caesars 0
BOTTOM OF THE 5TH
Little Caesars Hot N Readys batting - Pitching for Salem Misfits : RHP Marv Bradford
Batting: LHB Sisto Pagnamenta 0-0: Fly out, F7 (Flyball, 7LS)
Batting: RHB Spencer Curry 0-0: Foul Ball, location: 2F
0-1: Swinging Strike
0-2: Ball
1-2: Ball
2-2: Ball
3-2: Ground out 6-3 (Groundball, 6)
Batting: RHB George St. Clair 0-0: Ball
1-0: Foul Ball, location: 2F
1-1: Called Strike
1-2: Strikes out looking
Bottom of the 5th over - 0 run(s), 0 hit(s), 0 error(s), 0 left on base; Salem 6 - Little Caesars 0
TOP OF THE 6TH
Salem Misfits batting - Pitching for Little Caesars Hot N Readys : RHP Gary Jones
Batting: RHB Santiago Mosca 0-0: Ball
1-0: Swinging Strike
1-1: Fly out, F6 (Line Drive, 6)
Pitching: RHP Mike Lawrence
Batting: LHB Brent van Schoonhoven 0-0: Called Strike
0-1: Ball
1-1: Foul Ball, location: 2F
1-2: Ball
2-2: SINGLE (Groundball, 34D)
Batting: LHB José Corona 0-0: Ball
1-0: Called Strike
1-1: Called Strike
1-2: Ball
2-2: Ball
3-2: Foul Ball, location: 2F
3-2: Base on Balls
Brent van Schoonhoven to second
Batting: LHB David Breitling 0-0: Called Strike
0-1: Ball
1-1: Foul Ball, location: 2F
1-2: Ball
2-2: Foul Ball, location: 2F
2-2: Ball
3-2: SINGLE (Groundball, 6MD)
Brent van Schoonhoven to third
José Corona to second
Batting: SHB Salvador Trevino 0-0: Foul Ball, location: 2F
0-1: Ball
1-1: Fly out, F8 (Flyball, 78D)
Runner from 3rd tags up, SCORES, throw made
Batting: RHB Gonzalo Ángel 0-0: Ball
1-0: Called Strike
1-1: Ball
2-1: Ball
3-1: Swinging Strike
3-2: Base on Balls
José Corona to third
David Breitling to second
Batting: LHB Jorge García 0-0: Ball
1-0: Foul Ball, location: 2F
1-1: Called Strike
1-2: Ball
2-2: Strikes out looking
Top of the 6th over - 1 run(s), 2 hit(s), 0 error(s), 3 left on base; Salem 7 - Little Caesars 0
BOTTOM OF THE 6TH
Little Caesars Hot N Readys batting - Pitching for Salem Misfits : RHP Marv Bradford
Batting: RHB Jorge Salgado 0-0: Ball
1-0: Called Strike
1-1: Ball
2-1: Foul Ball, location: 2F
2-2: Strikes out swinging
Batting: SHB Valentín Guzmán 0-0: Ball
1-0: Ball
2-0: Foul Ball, location: 2F
2-1: Ball
3-1: Foul Ball, location: 2F
3-2: Foul Ball, location: 2F
3-2: Strikes out swinging
Batting: LHB Jason Potter 0-0: Ball
1-0: Foul Ball, location: 2F
1-1: Ground out 4-3 (Groundball, 34)
Bottom of the 6th over - 0 run(s), 0 hit(s), 0 error(s), 0 left on base; Salem 7 - Little Caesars 0
TOP OF THE 7TH
Salem Misfits batting - Pitching for Little Caesars Hot N Readys : RHP Mike Lawrence
Batting: RHB Ramón Ávila 0-0: Ball
1-0: Called Strike
1-1: Ball
2-1: Ball
3-1: Called Strike
3-2: Base on Balls
Batting: RHB Jim Unknown 0-0: Ball
1-0: SINGLE (Groundball, 34D)
Ramón Ávila to second
Runner from 2nd tries for 3rd, SAFE, no throw
Batting: RHB Santiago Mosca 0-0: Swinging Strike
0-1: Ball
1-1: Grounds into double play, 6-4-3 (Groundball, 6)
Ramón Ávila scores
Batting: LHB Brent van Schoonhoven 0-0: Called Strike
0-1: Called Strike
0-2: Ball
1-2: Strikes out swinging
Top of the 7th over - 1 run(s), 1 hit(s), 0 error(s), 0 left on base; Salem 8 - Little Caesars 0
BOTTOM OF THE 7TH
Little Caesars Hot N Readys batting - Pitching for Salem Misfits : RHP Marv Bradford
Batting: RHB Keith Burnett 0-0: Fly out, F8 (Line Drive, 78M)
Batting: SHB Mike Barton 0-0: Ball
1-0: Ball
2-0: Swinging Strike
2-1: Ball
3-1: Base on Balls
Batting: RHB Luis Aragón 0-0: Ball
1-0: Ball
2-0: Ball
3-0: Called Strike
3-1: DOUBLE (Line Drive, 89D)
Mike Barton to third
Batting: LHB Sisto Pagnamenta 0-0: Ball
1-0: Called Strike
1-1: Ground out 4-3 (Groundball, 4S)
Mike Barton scores
Luis Aragón to third
Batting: RHB Spencer Curry 0-0: Called Strike
0-1: Ball
1-1: Ball
2-1: Swinging Strike
2-2: Ball
3-2: Strikes out swinging
Bottom of the 7th over - 1 run(s), 1 hit(s), 0 error(s), 1 left on base; Salem 8 - Little Caesars 1
TOP OF THE 8TH
Salem Misfits batting - Pitching for Little Caesars Hot N Readys : RHP Mike Lawrence
Batting: LHB José Corona 0-0: Ball
1-0: SINGLE (Groundball, 6) (infield hit)
Batting: LHB David Breitling 0-0: Ball
1-0: Ball
2-0: Ball
3-0: Called Strike
3-1: Fly out, F7 (Flyball, 7D)
Pitching: RHP Kermit Sebold
Batting: SHB Salvador Trevino 0-0: Called Strike
0-1: Fly out, F8 (Flyball, 78M)
Batting: RHB Gonzalo Ángel 0-0: Called Strike
0-1: Ball
José Corona steals 2nd base
1-1: Foul Ball, location: 2F
1-2: Ball
2-2: Ball
3-2: Foul Ball, location: 2F
3-2: Fly out, F9 (Flyball, 9LSF)
Top of the 8th over - 0 run(s), 1 hit(s), 0 error(s), 1 left on base; Salem 8 - Little Caesars 1
BOTTOM OF THE 8TH
Little Caesars Hot N Readys batting - Pitching for Salem Misfits : RHP Marv Bradford
Pitching: RHP Rodrigo Torres
Batting: RHB George St. Clair 0-0: Ball
1-0: Ball
2-0: Ball
3-0: Base on Balls
Batting: RHB Jorge Salgado 0-0: Ball
1-0: Swinging Strike
1-1: Swinging Strike
1-2: Ball
2-2: Grounds into double play, 4-6-3 (Groundball, 34)
Batting: SHB Valentín Guzmán 0-0: Fly out, F9 (Flyball, 9LDF)
Bottom of the 8th over - 0 run(s), 0 hit(s), 0 error(s), 0 left on base; Salem 8 - Little Caesars 1
TOP OF THE 9TH
Salem Misfits batting - Pitching for Little Caesars Hot N Readys : RHP Kermit Sebold
Batting: LHB Jorge García 0-0: Ball
1-0: Foul Ball, location: 2F
1-1: Ground out 6-3 (Groundball, 6)
Batting: RHB Ramón Ávila 0-0: Ball
1-0: Called Strike
1-1: Swinging Strike
1-2: Foul Ball, location: 2F
1-2: Ball
2-2: Strikes out swinging
Batting: RHB Jim Unknown 0-0: Called Strike
0-1: Swinging Strike
0-2: Foul Ball, location: 2F
0-2: Strikes out swinging
Top of the 9th over - 0 run(s), 0 hit(s), 0 error(s), 0 left on base; Salem 8 - Little Caesars 1
BOTTOM OF THE 9TH
Little Caesars Hot N Readys batting - Pitching for Salem Misfits : RHP Rodrigo Torres
Now at C: Miguel Torres
Batting: LHB Jason Potter 0-0: Ball
1-0: Foul Ball, location: 2F
1-1: Ball
2-1: SINGLE (Line Drive, 7S)
Batting: RHB Keith Burnett 0-0: Foul Ball, location: 2F
0-1: Foul Ball, location: 2F
0-2: Ball
1-2: Fly out, F7 (Flyball, 78M)
Batting: SHB Mike Barton 0-0: Ball
1-0: Swinging Strike
1-1: Ball
2-1: Ball
3-1: Base on Balls
Jason Potter to second
Batting: RHB Luis Aragón 0-0: Swinging Strike
0-1: Ball
1-1: Called Strike
1-2: Foul Ball, location: 2F
1-2: Foul Ball, location: 2F
1-2: Foul Ball, location: 2F
1-2: Strikes out looking
Batting: LHB Sisto Pagnamenta 0-0: Fly out, F3 (Popup, 34)
Bottom of the 9th over - 0 run(s), 1 hit(s), 0 error(s), 2 left on base; Salem 8 - Little Caesars 1
Friday, December 30th, 2016 - OOTP Baseball 17.12 Build 75